 Dungeon Sprint DCSS version 0.31-a0-1071-gaead2f62b1 (webtiles) character file.

Game seed: 14833948982230203278

272 rocky1 the Grappler (level 7, -1/71 HPs)
             Began as a Troll Shapeshifter on Nov 26, 2023.
             Was an Initiate of Gozag.
             Succumbed to a black mamba's poison
             ... in the Dungeon (Sprint VI: "Thunderdome").
             The game lasted 00:05:05 (801 turns).

rocky1 the Grappler (Troll Shapeshifter)             Turns: 801, Time: 00:05:06

Health: -1/71      AC: 14    Str: 34    XL:     7   Next: 47%
Magic:  6/6        EV:  4    Int:  6    God:    Gozag
Gold:   504        SH:  0    Dex:  9    Spells: 6/6 levels left

rFire   + .          .
                       - Unarmed
rCold   + . .        (no shield)
rNeg    + . .        v - +0 gold dragon scales
rPois   +            (helmet currently unavailable)
rElec   .            (cloak currently unavailable)
rCorr   +            (gloves unavailable)
SInv    +            (boots unavailable)
Will    ++...        r - amulet "Foulidui" {RegenMP rCorr Str+6 SInv} Stlth
                     q - ring of Ytoazon {rN+ Will+ Stlth+}
HPRegen 1.11/turn    s - ring "Sutwuob" {rPois Will+ Str+3 SInv}
MPRegen 0.50/turn

%: no teleportation
@: lethally poisoned (-1 -> -16), beast-form
A: beast (slay +4), large, unfitting armour, claws 3, regeneration 1, shaggy fur
1, tough skin 1
a: Begin Untransformation, Renounce Religion, Potion Petition, Call Merchant,
Bribe Branch


You were in the Dungeon.
You worshipped Gozag.
Gozag was pleased with you.
You were a hulking beast.
You visited 1 branch You collected 1779 gold pieces.
You spent 1275 gold pieces at shops.

Inventory:

Armour
 a - a +0 animal skin
 v - +0 gold dragon scales (worn)
Jewellery
 o - the amulet "Lamutzij" {RegenMP Harm rN+++ Dex-2}
   (You bought it in a shop in the Dungeon)

   [amulet of magic regeneration]

   RegenMP:   It increases your rate of magic regeneration.
   Dex-2:     It affects your dexterity (-2).
   rN+++:     It renders you almost immune to negative energy.
   Harm:      It increases damage dealt and taken.
 p - the ring "Niros" {*Corrode rPois AC+4 Str+3}
   (You bought it in a shop in the Dungeon)

   [ring of protection]

   AC+4:      It affects your AC (+4).
   Str+3:     It affects your strength (+3).
   rPois:     It protects you from poison *Corrode: It may corrode you when you
   take damage.
 q - the ring of Ytoazon (left claw) {rN+ Will+ Stlth+}
   (You bought it in a shop in the Dungeon)

   [ring of willpower]

   rN+:       It protects you from negative energy.
   Will+:     It increases your willpower.
   Stlth+:    It makes you more stealthy.
 r - the amulet "Foulidui" (around neck) {RegenMP rCorr Str+6 SInv}
   (You bought it in a shop in the Dungeon)

   [amulet of magic regeneration]

   RegenMP:   It increases your rate of magic regeneration.
   Str+6:     It affects your strength (+6).
   SInv:      It lets you see invisible.
   rCorr:     It protects you from acid and corrosion.
 s - the ring "Sutwuob" (right claw) {rPois Will+ Str+3 SInv}
   (You bought it in a shop in the Dungeon)

   [ring of poison resistance]

   Str+3:     It affects your strength (+3).
   rPois:     It protects you from poison Will+: It increases your willpower.
   SInv:      It lets you see invisible.
 t - the amulet "Xidoowiv" {Acrobat rF+ Dex+2}
   (You bought it in a shop in the Dungeon)

   [amulet of the acrobat]

   Acrobat:   It increases your evasion while moving and waiting.
   Dex+2:     It affects your dexterity (+2).
   rF+:       It protects you from fire.
 u - the ring "Rogu" {rC+ rN+ Will- rCorr AC+4}
   (You bought it in a shop in the Dungeon)

   [ring of protection]

   AC+4:      It affects your AC (+4).
   rC+:       It protects you from cold.
   rN+:       It protects you from negative energy.
   Will-:     It decreases your willpower.
   rCorr:     It protects you from acid and corrosion.
Talismans
 c - a beast talisman
 d - a flux talisman
Wands
 l - a wand of quicksilver (5)
 m - a wand of roots (5)
Scrolls
 j - 3 scrolls of blinking
 n - 3 scrolls of fog
Potions
 b - a potion of lignification
 e - a potion of curing
 f - a potion of heal wounds
 g - 4 potions of haste
 h - 2 potions of magic
 i - a potion of berserk rage
 k - 2 potions of resistance


   Skills:
 * Level 4.3 Fighting
 * Level 1.7 Armour
 + Level 4.1 Dodging
 * Level 11.4 Unarmed Combat
 * Level 9.6 Shapeshifting


You had 6 spell levels left.
You didn't know any spells.
Your spell library was empty.

Dungeon Overview and Level Annotations

Branches:
Dungeon (1/1)

Altars:
Cheibriados
Dithmenos
Fedhas
Gozag
Kikubaaqudgha
Makhleb
Okawaru
Qazlal
Ru
Sif Muna
Trog
Uskayaw
Vehumet
Wu Jian
Xom
Yredelemnul
Zin
The Shining One
Lugonu

Shops:
D *[=??*?*:[((!!!!


Innate Abilities, Weirdness & Mutations

You are a hulking beast.
Your limbs bulge with bestial killing power. (Slay +4)
You are too large for most types of armour.
You have claws for hands.
Your natural rate of healing is unusually fast.
You are covered in fur. (AC +1)
You have tough skin. (AC +1)


Message History

The naga sharpshooter magically shoots an arrow.
The arrow hits you! The arrow burns you.
The naga warlord roars a battlecry!
The naga sharpshooter goes into a battle-frenzy!
The black mamba bites you!
You are more poisoned.
The black mamba poisons you!
You feel much better.
You feel very sick. The black mamba barely misses you.
The naga sharpshooter spits poison at you.
The splash of poison hits you.
You are more poisoned.
You resist.
You mangle the naga sharpshooter!!
The naga sharpshooter is heavily wounded.
You feel very sick.
A guardian serpent comes into view.
The guardian serpent shouts!
A mana viper comes into view.
The mana viper hisses angrily.
The black mamba bites you.
The naga sharpshooter gestures wildly while chanting.
The naga sharpshooter magically shoots an arrow.
The arrow hits you. The arrow burns you. The black mamba bites you!
You are more poisoned.
The black mamba poisons you!
The naga warlord hits you from afar with a +0 halberd.
Unknown command.
You feel much better.
You feel very sick. The black mamba bites you.
The naga sharpshooter shoots an arrow.
The arrow hits you but does no damage. The black mamba bites you!
* * * LOW HITPOINT WARNING * * *
The naga warlord hits you from afar with a +0 halberd!
* * * LOW HITPOINT WARNING * * *
You mangle the naga sharpshooter!!
The naga sharpshooter is severely wounded.
You die...
Your body crumbles into a pile of gold.

##### ##§⌠⌠## #..S..# ##.....##
##∩.....∩## #∩.......∩#
#_.....N._# #_..)..NS_#
#_.....h._# ###.........###
#⌠..........S§#
######.8.........8.######
##∩_._......###[.....___∩##
##∩........8.# #.8........∩###
.............###.............##
..........###...###..........⌠#
..........# #.<.# #).........⌠#


You could see a naga warlord, a naga sharpshooter (strong, catching breath), a
mana viper, a guardian serpent and a black mamba.

Vanquished Creatures
  7 wolves (D)
  A gnoll sergeant (D)
  A hound (D)
  A gnoll bouda (D)
  A gnoll (D)
  4 adders (D)
  2 ball pythons (D)
  2 hobgoblins (D)
  A jackal (D)
  A kobold (D)
  A frilled lizard (D)
22 creatures vanquished.

Notes
Turn   | Place    | Note
-------+----------+-------------------------------------------
     0 | D        | rocky1 the Troll Shapeshifter began the quest for the Orb.
     0 | D        | Reached XP level 1. HP: 18/18 MP: 0/0
     3 | D        | Found a sacrificial altar of Ru.
     3 | D        | Found a bloodstained altar of Trog.
     4 | D        | Found a radiant altar of Vehumet.
     5 | D        | Found a shadowy altar of Dithmenos.
     5 | D        | Found a snail-covered altar of Cheibriados.
     5 | D        | Round 1.
     6 | D        | Found Meenteuni's Distillery.
     6 | D        | Found Jaopsoo's Do-It-Yourself Clinic.
     7 | D        | Found Mezahad's Distillery.
     7 | D        | Found Turhagg's Bottled Wisdom.
    10 | D        | Found a basalt altar of Yredelemnul.
    15 | D        | Reached XP level 2. HP: 25/26 MP: 1/1
    20 | D        | Found a corrupted altar of Lugonu.
    22 | D        | Found Acis's Staff Store.
    24 | D        | Found an opulent altar of Gozag.
    24 | D        | Found a hide-covered altar of Uskayaw.
    24 | D        | Found a glowing golden altar of the Shining One.
    24 | D        | Found Wuuritt's Magic Scroll Shop.
    26 | D        | Found Ataag's Must-Have Magic.
    26 | D        | Found Guxy's Magic Scroll Shop.
    29 | D        | Found a blossoming altar of Fedhas.
    34 | D        | Became a worshipper of Gozag Ym Sagoz the Greedy
    37 | D        | Found an iron altar of Okawaru.
    37 | D        | Found Feufuda's Timeless Talismans.
    38 | D        | Found Niufawn's Jewellery.
    38 | D        | Found Huroren's Advanced Armour.
    39 | D        | Found a shimmering altar of Xom.
    39 | D        | Found a shimmering blue altar of Sif Muna.
    39 | D        | Found a burning altar of Makhleb.
    39 | D        | Found Itaukuj's Identification Station.
    56 | D        | Found an ornate altar of the Wu Jian Council.
    67 | D        | Found a glowing silver altar of Zin.
    70 | D        | Found Kodu's Premium Goods.
    72 | D        | Found Yschy's Miscellaneous Merchandise.
    72 | D        | Found Sajuam's Basic Armour.
    73 | D        | Found a stormy altar of Qazlal.
    73 | D        | Found an ancient bone altar of Kikubaaqudgha.
    73 | D        | Found Sots's Weapon Rack.
   106 | D        | Arena points: 12 (+12) [x2]
   107 | D        | Reached skill level 4 in Unarmed Combat
   139 | D        | Bought a translucent emerald amulet for 45 gold pieces
   139 | D        | Identified the amulet "Lamutzij" {RegenMP Harm rN+++ Dex-2}
                  | (You bought it in a shop in the Dungeon)
   139 | D        | Bought a brightly glowing lapis lazuli ring for 45 gold
                  | pieces
   139 | D        | Identified the ring "Niros" {*Corrode rPois AC+4 Str+3}
                  | (You bought it in a shop in the Dungeon)
   139 | D        | Bought a clouded brass ring for 45 gold pieces
   139 | D        | Identified the ring of Ytoazon {rN+ Will+ Stlth+} (You
                  | bought it in a shop in the Dungeon)
   140 | D        | Bought a scintillating platinum amulet for 45 gold pieces
   140 | D        | Identified the amulet "Foulidui" {RegenMP rCorr Str+6 SInv}
                  | (You bought it in a shop in the Dungeon)
   140 | D        | Bought a clouded wooden ring for 45 gold pieces
   140 | D        | Identified the ring "Sutwuob" {rPois Will+ Str+3 SInv} (You
                  | bought it in a shop in the Dungeon)
   140 | D        | Bought a glittering diamond amulet for 45 gold pieces
   140 | D        | Identified the amulet "Xidoowiv" {Acrobat rF+ Dex+2} (You
                  | bought it in a shop in the Dungeon)
   140 | D        | Bought a coiled bronze ring for 45 gold pieces
   140 | D        | Identified the ring "Rogu" {rC+ rN+ Will- rCorr AC+4} (You
                  | bought it in a shop in the Dungeon)
   166 | D        | Round 2.
   269 | D        | Reached skill level 1 in Fighting
   269 | D        | Reached XP level 3. HP: 33/33 MP: 2/2
   323 | D        | Arena points: 48 (+36) [x3]
   324 | D        | Reached skill level 5 in Unarmed Combat
   324 | D        | Reached skill level 5 in Shapeshifting
   374 | D        | Round 3.
   396 | D        | Reached XP level 4. HP: 35/41 MP: 3/3
   397 | D        | Noticed a wolf
   398 | D        | Noticed a wolf
   401 | D        | Killed a wolf
   402 | D        | Reached skill level 7 in Unarmed Combat
   402 | D        | Reached XP level 5. HP: 45/50 MP: 4/4
   405 | D        | Killed a wolf
   406 | D        | Reached skill level 8 in Unarmed Combat
   420 | D        | Noticed a wolf
   431 | D        | Killed a wolf
   432 | D        | Reached skill level 9 in Unarmed Combat
   432 | D        | Reached XP level 6. HP: 51/61 MP: 5/5
   506 | D        | Arena points: 132 (+84) [x4]
   571 | D        | Round 4.
   586 | D        | Reached skill level 10 in Unarmed Combat
   601 | D        | Bought +0 gold dragon scales for 960 gold pieces
   636 | D        | Reached XP level 7. HP: 70/70 MP: 6/6
   644 | D        | Reached skill level 1 in Armour
   677 | D        | Reached skill level 11 in Unarmed Combat
   697 | D        | Arena points: 272 (+140) [x5]
   766 | D        | Round 5.
   795 | D        | Noticed a naga sharpshooter
   795 | D        | Noticed a black mamba
   796 | D        | Noticed a naga warlord
   799 | D        | Noticed a guardian serpent
   799 | D        | Noticed a mana viper
   800 | D        | HP: 3/71 [naga warlord/+0 halberd (16)]
   801 | D        | Succumbed to a black mamba's poison

Illustrated notes

Levels and vault maps discovered:
D:        arena_sprint

Skill      XL: |  1  2  3  4  5  6  7 |
---------------+----------------------+-----
Shapeshifting  | 4 5 6 8 9 |  9.6
Dodging        | 2 3 4 |  4.1
Unarmed Combat | 4 5 7 9 10 11 | 11.4
Fighting       | 1 2 3 4 |  4.3
Armour         | 1 |  1.7

Action                     |  1- 3 |  4- 6 |  7- 9 || total
---------------------------+-------+-------+-------++-------
  Melee: Unarmed           |    30 |    24 |    13 ||    67
         Punch             |       |       |     1 ||     1
    Use: Potion            |       |       |     3 ||     3
         Scroll            |       |       |     1 ||     1
 Armour: Animal skin       |    22 |    15 |       ||    37
         Gold dragon scale |       |       |    24 ||    24
  Dodge: Dodged            |    10 |    10 |     6 ||    26

Table legend: (Time is in decaauts)
 A = Elapsed time spent in this place.
 B = Non-inter-level travel time spent in this place.
 C = Inter-level travel time spent in this place.
 D = Time resting spent in this place.
 E = Time spent auto-exploring this place.
 F = Levels seen in this place.
 G = Mean time per level.
                   A        B        C        D        E       F      G
               +--------+--------+--------+--------+--------+-----+--------+
         Total |    791 |    791 |      0 |    187 |      0 |   1 |  791.0 |
       Dungeon |    791 |    791 |      0 |    187 |      0 |   1 |  791.0 |
               +--------+--------+--------+--------+--------+-----+--------+

Top non-repeatable levels by time:
       D: 791 daAuts
